Map: Orbital Shipyard

Players

chobodrone

  • Race: Zerg Zerg
  • League: Silver

Javert - Winner!

  • Race: Zerg Zerg
  • League: Grandmaster

VOD

Have the link to the VOD?

Description

Time

  • Played on: Aug. 26, 2015, 11:14 p.m.
  • Length: 12:42
Show
View Real Time Build Order
Export as new Build Order

chobodrone Zerg 

Build Orders: Hatch First 

Get SALT Encoding   

  12  0:01  Drone  
  13  0:08  Drone  
  14  0:17  Overlord  
  14  0:36  Drone x3  
  17  0:47  Drone  
  18  1:00  Hatchery  
  17  1:10  Spawning Pool  
  16  1:12  Drone  
  16  1:13  Extractor  
  16  1:14  Drone  
  17  1:23  Drone  
  18  1:44  Drone  
  18  1:45  Hatchery, Drone  
  19  1:56  Queen  
  19  2:01  Zergling x2  
  22  2:11  Queen  
  22  2:14  Drone  
  25  2:17  Drone  
  26  2:27  Drone  
  26  2:29  Overlord  
  27  2:35  Overlord  
  27  2:37  Drone  
  28  2:52  Zergling x2  
  28  2:53  Zergling x4  
  28  2:56  Roach Warren  
  28  2:57  Zergling x2  
  30  2:59  Zergling x2  
  30  3:03  Zergling x2  
  30  3:04  Zergling x2  
  33  3:08  Drone  
  33  3:11  Zergling x2  
  35  3:13  Zergling x2  
  35  3:17  Metabolic Boost  
  36  3:25  Drone  
  37  3:27  Zergling x4  
  37  3:28  Drone  
  37  3:30  Zergling x2  
  41  3:39  Zergling x4  
  41  3:40  Zergling x4  
  44  3:52  Roach  
  44  3:53  Drone  
  47  4:02  Drone x3  
  50  4:04  Lair  
  50  4:13  Overlord  
  50  4:15  Overlord  
  50  4:28  Drone, Extractor  
  50  4:31  Overlord, Queen  
  50  4:33  Drone x5  
  50  4:35  Drone  
  50  4:37  Drone  
  59  4:38  Drone  
  59  4:41  Drone  
  61  4:54  Drone x4  
  61  4:58  Drone x3  
  68  5:01  Glial Reconstitution  
  68  5:05  Queen  
  68  5:06  Queen  
  72  5:14  Drone x2  
  74  5:23  Overlord x5  
  74  5:24  Overlord  
  74  5:50  Nydus Network  
  74  5:51  Roach  
  74  5:52  Roach x3  
  74  5:54  Zergling x14  
  88  6:03  Extractor  
  87  6:17  Roach x5  
  97  6:18  Zergling x2  
  97  6:19  Zergling x2  
  97  6:20  Overlord x2  
  99  6:28  Drone  
  99  6:32  Drone x2  
  102  6:34  Drone  
  102  6:39  Roach x3  
  109  6:51  Drone x7, Hydralisk Den  
  115  7:00  Roach  
  123  7:01  Roach x3  
  123  7:05  Hatchery  
  123  7:07  Extractor  
  121  7:11  Drone  
  121  7:12  Drone  
  123  7:18  Nydus Canal  
  123  7:29  Overlord  
  123  7:30  Overlord x4  
  123  7:35  Evolution Chamber  
  122  7:39  Evolution Chamber  
  121  7:47  Drone x7  
  121  7:48  Drone  
  128  7:57  Roach x7  
  131  8:09  Zerg Missile Weapons Level 1, Zerg Ground Armor Level 1  
  131  8:11  Roach x2  
  123  8:25  Roach x5  
  123  8:26  Zergling x6  
  131  8:27  Zergling x4  
  131  8:33  Overseer  
  130  8:55  Nydus Canal  
  130  8:58  Roach x4  
  130  8:59  Roach  
  130  9:00  Overlord x2  
  130  9:01  Overlord x3  
  140  9:10  Overseer  
  140  9:12  Roach, Zergling x8  
  140  9:13  Zergling x6  
  149  9:19  Ravager  
  150  9:33  Muscular Augments  
  150  9:34  Hatchery  
  150  9:35  Extractor  
  150  9:37  Drone x5, Extractor  
  150  9:38  Drone x4  
  156  9:50  Roach  
  156  9:51  Roach  
  158  9:54  Roach  
  124  10:08  Roach x2  
  124  10:09  Roach x7  
  124  10:11  Pneumatized Carapace  
  109  10:23  Hatchery  
  109  10:24  Hatchery  
  72  10:43  Roach x2  
  72  10:44  Roach x6  
  72  10:47  Roach  
  78  10:51  Roach  
  78  10:52  Roach  
Show
View Real Time Build Order
Export as new Build Order

Javert Zerg - Winner!

Build Orders: Pool First, Lurkers 

Get SALT Encoding   

  12  0:01  Drone  
  13  0:14  Overlord  
  13  0:17  Drone  
  14  0:32  Drone  
  14  0:33  Drone  
  16  0:38  Drone  
  16  0:41  Extractor  
  16  0:49  Spawning Pool  
  15  0:51  Drone  
  16  1:00  Drone  
  17  1:09  Drone  
  18  1:21  Hatchery  
  17  1:37  Roach Warren  
  16  1:42  Queen  
  16  1:46  Drone  
  19  1:53  Overlord  
  19  1:57  Drone  
  19  2:00  Drone  
  21  2:18  Roach  
  25  2:22  Roach  
  25  2:31  Roach  
  25  2:35  Queen  
  29  2:40  Roach  
  31  2:50  Roach x2  
  35  3:03  Drone  
  35  3:04  Overlord  
  36  3:22  Overlord  
  36  3:29  Drone x4  
  36  3:30  Drone  
  41  3:38  Hatchery  
  41  3:39  Drone  
  41  3:45  Drone  
  41  3:46  Drone x4  
  46  3:56  Overlord  
  46  3:57  Roach  
  48  4:04  Queen  
  50  4:15  Drone x3  
  53  4:18  Lair  
  53  4:23  Drone  
  53  4:24  Drone x3  
  57  4:34  Drone  
  57  4:37  Drone x2  
  60  4:40  Extractor  
  60  4:41  Evolution Chamber  
  58  4:48  Overlord x2  
  58  4:50  Extractor  
  58  4:52  Drone x3  
  60  5:00  Extractor  
  60  5:02  Overlord x2  
  59  5:08  Zerg Missile Weapons Level 1  
  59  5:10  Drone x3  
  62  5:24  Drone x6  
  62  5:25  Drone x2  
  70  5:30  Glial Reconstitution  
  70  5:33  Overlord  
  70  5:34  Overlord  
  70  5:38  Baneling Nest  
  70  5:42  Hydralisk Den  
  69  5:45  Drone x5  
  69  5:46  Drone  
  69  5:47  Overseer  
  75  5:52  Drone x4  
  79  6:03  Roach x5  
  91  6:18  Roach x2  
  91  6:19  Spine Crawler, Roach x2  
  91  6:22  Lurker Den  
  91  6:24  Spine Crawler  
  95  6:28  Spine Crawler  
  95  6:32  Overlord x2  
  94  6:38  Drone  
  94  6:39  Drone x3  
  98  6:40  Extractor  
  98  6:41  Overlord  
  98  6:42  Overlord  
  98  6:43  Drone  
  98  6:48  Evolution Chamber  
  98  6:53  Drone x5  
  98  6:54  Drone  
  103  6:55  Extractor  
  103  7:00  Overlord x2  
  102  7:10  Roach x2  
  102  7:11  Roach x3  
  112  7:16  Zerg Missile Weapons Level 2, Zerg Ground Armor Level 1  
  112  7:19  Hydralisk x3  
  112  7:22  Hydralisk  
  120  7:31  Drone x5  
  125  7:41  Overseer x3  
  125  7:51  Spine Crawler  
  125  7:52  Spine Crawler  
  110  8:05  Lurker  
  110  8:06  Lurker x3  
  110  8:08  Roach  
  110  8:09  Roach x7  
  113  8:23  Roach x2  
  113  8:24  Roach x6  
  127  8:38  Hydralisk Den  
  124  8:47  Drone  
  124  8:48  Drone x2  
  127  9:00  Roach  
  127  9:01  Roach x8  
  145  9:07  Overlord  
  145  9:11  Spine Crawler  
  145  9:14  Hatchery, Extractor  
  145  9:16  Lurker Den, Extractor  
  141  9:19  Spine Crawler  
  141  9:21  Zerg Ground Armor Level 2, Spine Crawler  
  139  9:32  Overlord x2  
  139  9:38  Roach x4  
  141  9:39  Roach x3  
  141  9:43  Overlord x3  
  153  9:54  Hatchery  
  147  10:04  Roach  
  147  10:05  Roach x8  
  131  10:14  Roach  
  131  10:15  Roach  
  133  10:32  Roach  
  133  10:33  Roach x7  
  143  10:48  Drone x2  
  143  10:49  Drone x3  
  144  10:52  Drone, Spore Crawler  
  144  11:00  Queen x2  
  148  11:10  Queen  
  148  11:12  Drone x4  
  148  11:13  Drone x2  
  148  11:31  Drone x2  
  148  11:32  Drone x4  
  148  11:35  Overlord x2, Queen  
  148  11:39  Spine Crawler  
  148  11:41  Spine Crawler  
  148  11:42  Drone x6  
  148  11:43  Drone x2, Spine Crawler  
  148  11:54  Spine Crawler  
  148  11:57  Hydralisk  
  148  11:58  Hydralisk x5  
  148  12:11  Hydralisk x3  
  148  12:12  Hydralisk x3  
  148  12:13  Hatchery  
  148  12:16  Infestation Pit  
  148  12:34  Extractor  
  148  12:35  Extractor  
Tags
 
Add a new tag
Caveats
  • Supply blocks, unpowered buildings, or Contaminate may cause inaccurate times.
  • Supply counts are checked every 10 seconds.